 Seeded DCSS version 0.29-a0-789-g7a8fcbc185 (webtiles) character file.

Game seed: 6267632479416310322 (custom seed)

2627 happo123 the Skirmisher (level 9, -9/81 HPs)
             Began as a Minotaur Hunter on July 2, 2022.
             Succumbed to scorpion's concentrated venom
             ... on level 7 of the Dungeon.
             The game lasted 00:40:58 (6011 turns).

happo123 the Skirmisher (Minotaur Hunter)           Turns: 6011, Time: 00:40:59

Health: -9/81      AC: 30    Str: 20    XL:     9   Next: 34%
Magic:  4/8        EV:  8    Int: 14    God:
Gold:   207        SH:  0    Dex: 16    Spells: 8/8 levels left

rFire   x . .      SeeInvis .   L - +0 war axe (protect)
rCold   . . .      Faith    .   (no shield)
rNeg    . . .      Spirit   +   t - +4 plate armour "Ixkit" {rC- Str+2 Int+8}
rPois   .          Reflect  .   (helmet restricted)
rElec   .          Harm     .   r - +0 cloak
rCorr   .          Rampage  .   F - +2 pair of gloves {hurl}
Will    .....                   q - +2 pair of boots
Stlth   ..........              I - amulet of guardian spirit
HPRegen 0.23/turn               p - ring of ice
MPRegen 0.11/turn               (no ring)

@: lethally poisoned (-9 -> -52), weakened, under a protective aura, slowed,
very slow
A: horns 2, retaliatory headbutt
a: no special abilities


You were on level 7 of the Dungeon.
You visited 2 branches of the dungeon, and saw 9 of its levels.

You collected 400 gold pieces.
You spent 193 gold pieces at shops.

Inventory:

Hand Weapons
 a - a +2 flail of protection
 e - a +4 great sword
 A - the +8 sling of Floods {venom, Int+3}
   (You found it on level 4 of the Dungeon)

   Any ammunition fired from it poisons the flesh of those it strikes.
   Int:       It affects your intelligence (+3).
 B - a +2 whip of flaming
 K - a +3 flail
 L - a +0 war axe of protection (weapon)
Missiles
 c - a curare-tipped dart
Armour
 q - a +2 pair of boots (worn)
 r - a +0 cloak (worn)
 s - a +0 pair of boots
 t - the +4 plate armour "Ixkit" (worn) {rC- Str+2 Int+8}
   (You found it on level 3 of the Dungeon)

   Str:       It affects your strength (+2).
   Int:       It affects your intelligence (+8).
   rC:        It makes you vulnerable to cold.
 F - a +2 pair of gloves of hurling (worn)
Magical Staves
 g - a staff of cold
Jewellery
 m - an amulet of magic regeneration
 p - a ring of ice (left hand)
 I - an amulet of guardian spirit (around neck)
Wands
 d - a wand of digging (12)
 x - a wand of polymorph (11)
 G - a wand of roots (16)
Scrolls
 b - 3 scrolls of immolation
 f - a scroll of brand weapon
 k - 2 scrolls of teleportation
 n - 4 scrolls of silence
 y - 2 scrolls of enchant armour {unknown}
 z - a scroll of summoning
 D - a scroll of magic mapping {unknown}
 E - a scroll of fear {unknown}
 J - 2 scrolls of enchant weapon {unknown}
Potions
 h - 6 potions of curing
 i - 2 potions of degeneration {unknown}
 j - 2 potions of magic {unknown}
 l - 3 potions of brilliance
 o - a potion of mutation {unknown}
 u - 4 potions of attraction
 v - 2 potions of haste
 w - a potion of heal wounds {unknown}
 C - a potion of ambrosia {unknown}
 H - a potion of invisibility {unknown}
 M - a potion of flight {unknown}
 N - a potion of lignification
 P - a potion of might
Miscellaneous
 O - a tin of tremorstones (2/2)


   Skills:
 * Level 7.8 Fighting
 - Level 2.3 Long Blades
 + Level 2.8(3.6) Axes
 - Level 3.4(3.9) Maces & Flails
 * Level 8.1 Ranged Weapons
 + Level 4.9 Armour
 + Level 5.0 Dodging
 + Level 3.9 Stealth
 + Level 2.5 Evocations


You had 8 spell levels left.
You didn't know any spells.
Your spell library contained the following spells:

 Spells                   Type           Power      Damage    Failure   Level
 Apportation              Tloc           0%         N/A       100%        1
 Magic Dart               Conj           0%         1d3       100%        1
 Sandblast                Erth           0%         2d4       100%        1
 Call Imp                 Summ           0%         N/A       100%        2
 Ensorcelled Hibernation  Hex/Ice        0%         N/A       100%        2
 Passwall                 Tmut/Erth      0%         N/A       100%        2
 Mephitic Cloud           Conj/Pois/Air  0%         N/A       100%        3
 Stone Arrow              Conj/Erth      0%         3d7       100%        3
 Swiftness                Air            0%         N/A       100%        3
 Alistair's Intoxication  Tmut/Pois      0%         N/A       100%        5
 Conjure Ball Lightning   Conj/Air       0%         3x3d6     100%        6
 Discord                  Hex            0%         N/A       100%        8
 Disjunction              Tloc           0%         N/A       100%        8


Dungeon Overview and Level Annotations

Branches:
Dungeon (8/15)             Temple (1/1) D:6
   Lair: D:8-11

Altars:
Ashenzari
Cheibriados
Dithmenos
Fedhas
Hepliaklqana
Kikubaaqudgha
Makhleb
Nemelex Xobeh
Okawaru
Qazlal
Ru
Trog
Uskayaw
Vehumet
Wu Jian
Xom
Yredelemnul
Zin
The Shining One

Shops:
D:6 *

Annotations:
D:7 Amaemon


Innate Abilities, Weirdness & Mutations

You have a pair of horns on your head.
You reflexively headbutt those who attack you in melee.


Message History

The scorpion poisons you! The scorpion barely misses you.
You furiously retaliate!
You headbutt the scorpion.
Amaemon points at the scorpion and mumbles some strange words.
The scorpion seems to grow toxic.
The orange demon stings you but does no damage.
The orange demon barely misses you.
You slash Amaemon!
Amaemon is moderately wounded.
You closely miss the scorpion. You hit the scorpion but do no damage.
You barely miss the scorpion. You hit the orange demon.
You feel very sick. The scorpion barely misses you. You furiously retaliate!
You headbutt the scorpion, but do no damage.
The scorpion closely misses you. The scorpion stings you.
The orange demon stings you but does no damage.
The orange demon hits you but does no damage.
Amaemon hits you with a -2 demon whip of venom.
* * * LOW HITPOINT WARNING * * *
You are more poisoned.
Amaemon claws you but does no damage. Amaemon tail-slaps you.
* * * LOW HITPOINT WARNING * * *
You are lethally poisoned!
Amaemon poisons you!
* * * LOW HITPOINT WARNING * * *
You feel extremely sick.
The scorpion stings you but does no damage.
The scorpion stings you.
* * * LOW HITPOINT WARNING * * *
You are more poisoned.
You have difficulty breathing.
* * * LOW HITPOINT WARNING * * *
You feel yourself slow down.
The scorpion stings you but does no damage.
The orange demon closely misses you.
The orange demon hits you but does no damage.
Amaemon gestures at the scorpion while chanting.
The scorpion seems to grow toxic.
You climb upwards.
The scorpion disappears in a puff of smoke! x3
You die...

##......## #.......###...#
##...##...## ##...#.(.#
##...
##...####...#####..)##..##
##.. ##...##
##...##....##...# ##.
.#..## ##.......###..## ##
...## ##.....## #..# #
#.## ###..## #..# #.#
##[## #.## # ### ##.4@#
##.# ### #..6.## #..# #..
##..##.###.## ###
#.#####.##.# ### ######


You could see Amaemon and an orange demon (curare).

Vanquished Creatures
  Pikel (D:4)
  A wyvern (D:7)
  A steam dragon (D:7)
  2 ice beasts (D:7)
  A black bear (D:6)
  A lemure (D:4)
  2 centaurs (D:7)
  2 kobold brigands (D:6)
  A scorpion (D:5)
  A bullfrog (D:7)
  10 wights
  A bouda (D:6)
  5 hounds
  2 orc priests
  2 iguanas (D:5)
  6 orc wizards
  8 gnolls (D:6)
  6 adders
  2 white imps (D:7)
  2 ufetubi
  2 worms
  19 orcs
  9 ball pythons
  7 endoplasms
  A giant cockroach (D:1)
  4 goblins
  5 hobgoblins
  2 jackals (D:1)
  9 kobolds
  2 quokkas
  5 bats
  4 frilled lizards
  A rat (D:3)
127 creatures vanquished.

Vanquished Creatures (others)
  4 fungi (D:4)
  7 plants (D:4)
11 creatures vanquished.

Grand Total: 138 creatures vanquished

Notes
Turn   | Place    | Note
-------+----------+-------------------------------------------
     0 | D:1      | happo123 the Minotaur Hunter began the quest for the Orb.
     0 | D:1      | Reached XP level 1. HP: 18/18 MP: 0/0
   264 | D:1      | Reached XP level 2. HP: 25/25 MP: 1/1
   269 | D:1      | Reached skill level 1 in Stealth
   857 | D:2      | Reached skill level 1 in Armour
   857 | D:2      | Reached XP level 3. HP: 31/31 MP: 2/2
  1222 | D:2      | Found a faded altar of an unknown god.
  1527 | D:3      | Identified the +4 plate armour "Ixkit" {rC- Str+2 Int+8}
  1726 | D:3      | Reached XP level 4. HP: 28/39 MP: 3/3
  1761 | D:3      | Found a faded altar of an unknown god.
  1766 | D:3      | Found a shimmering altar of Xom.
  1867 | D:3      | Reached skill level 5 in Ranged Weapons
  2123 | D:4      | Identified the +8 sling of Floods {venom, Int+3}
  2158 | D:4      | Found a blossoming altar of Fedhas.
  2158 | D:4      | Noticed a lemure
  2175 | D:4      | Killed a lemure
  2191 | D:4      | Noticed Pikel
  2192 | D:4      | Noticed a lemure
  2192 | D:4      | Noticed a lemure
  2193 | D:4      | Noticed a lemure
  2198 | D:4      | Killed Pikel
  2199 | D:4      | Reached skill level 5 in Fighting
  2199 | D:4      | Reached skill level 6 in Ranged Weapons
  2199 | D:4      | Reached XP level 5. HP: 36/48 MP: 4/4
  2199 | D:4      | Reached XP level 6. HP: 42/56 MP: 5/5
  2199 | D:4      | Reached XP level 7. HP: 46/61 MP: 6/6
  2422 | D:4      | Found a glowing silver altar of Zin.
  2422 | D:4      | Found a shadowy altar of Dithmenos.
  2429 | D:4      | Found a faded altar of an unknown god.
  2432 | D:4      | Found a faded altar of an unknown god.
  2434 | D:4      | Found an ornate altar of the Wu Jian Council.
  2714 | D:5      | Entered Level 5 of the Dungeon
  2734 | D:5      | Reached skill level 1 in Maces & Flails
  2990 | D:5      | Found an iron altar of Okawaru.
  3415 | D:6      | Found a staircase to the Ecumenical Temple.
  3420 | Temple   | Entered the Ecumenical Temple
  3583 | D:5      | Reached skill level 1 in Evocations
  3583 | D:5      | Reached XP level 8. HP: 25/67 MP: 3/7
  4254 | D:6      | Reached skill level 7 in Ranged Weapons
  4321 | D:6      | Reached skill level 1 in Long Blades
  4520 | D:6      | Found Jymunumuf's Elemental Accessories.
  4821 | D:7      | Reached XP level 9. HP: 70/79 MP: 8/8
  5355 | D:7      | Found Igyfus's CLEARANCE SALE!.
  5362 | D:7      | Bought a potion of haste for 30 gold pieces
  5362 | D:7      | Bought a tin of tremorstones (2/2) for 120 gold pieces
  5362 | D:7      | Bought a potion of curing for 9 gold pieces
  5362 | D:7      | Bought a potion of might for 12 gold pieces
  5362 | D:7      | Bought a scroll of silence for 22 gold pieces
  5855 | D:8      | Noticed Amaemon
  5856 | D:8      | Noticed an orange demon
  5870 | D:7      | Reached skill level 8 in Ranged Weapons
  5878 | D:7      | Reached skill level 5 in Dodging
  6011 | D:7      | Succumbed to scorpion's concentrated venom

Illustrated notes

Levels and vault maps discovered:
D:1:      elethiomel_arrival_quiet, layout_loops_corners,
          corexii_item_surrounded_by_moat
D:2:      layout_loops_ring, ebering_ecumenical_altar_mist, minmay_hexomino_u4
D:3:      layout_basic, nicolae_overflow_ecumenical_swirl, minivault_5,
          mrwooster_statue_mirror
D:4:      layout_loops_ring, fedhas_altar_3,
          chequers_temple_overflow_minitemple, uniq_pikel
D:5:      layout_basic, general_overflow_altar
D:6:      layout_cave_pools, minmay_temple_entry_ruins, serial_glass,
          glass_columns_a, glass_columns_a, glass_columns_c, glass_columns_b,
          hangedman_decor_points, nicolae_elemental_shop
D:7:      layout_layer_cave, chequers_serial_rivers_room_a,
          nicolae_shop_clearance
D:8:      layout_layer_cave, enter_bailey_5, minmay_manual_monolith,
          uniq_amaemon
Temple:   dshaligram_water_room_temple

Skill      XL: |  1  2  3  4  5  6  7  8  9 |
---------------+----------------------------+-----
Stealth        | 1 2 3 |  3.9
Fighting       | 3 5 6 7 |  7.8
Armour         | 1 3 4 |  4.9
Ranged Weapons | 6 7 8 |  8.1
Axes           | 2 |  2.8
Dodging        | 3 4 5 |  5.0
Maces & Flails | 2 3 |  3.4
Evocations     | 1 2 |  2.5
Long Blades    | 2 |  2.3

Action                   |  1- 3 |  4- 6 |  7- 9 || total
-------------------------+-------+-------+-------++-------
Melee: Hand axe          |       |       |    10 ||    10
       Headbutt          |       |       |    11 ||    11
       Flail             |       |       |    21 ||    21
       War axe           |       |       |    23 ||    23
 Fire: Shortbow          |   104 |     8 |       ||   112
       Sling             |       |    15 |   218 ||   233
  Use: Scroll            |     3 |     3 |     5 ||    11
Armor: Leather armour    |     4 |       |       ||     4
       Plate armour      |    27 |     1 |   209 ||   237
Dodge: Dodged            |    23 |     9 |   101 ||   133

Table legend: (Time is in decaauts)
 A = Elapsed time spent in this place.
 B = Non-inter-level travel time spent in this place.
 C = Inter-level travel time spent in this place.
 D = Time resting spent in this place.
 E = Time spent auto-exploring this place.
 F = Levels seen in this place.
 G = Mean time per level.
                   A        B        C        D        E       F      G
               +--------+--------+--------+--------+--------+-----+--------+
         Total |   6229 |   5008 |   1221 |    767 |   3163 |   9 |  692.1 |
       Dungeon |   6100 |   4937 |   1163 |    767 |   3103 |   8 |  762.5 |
        Temple |    128 |     70 |     58 |      0 |     60 |   1 |  128.0 |
               +--------+--------+--------+--------+--------+-----+--------+

Top non-repeatable levels by time:
     D:5: 1388 daAuts
     D:7: 1265 daAuts
     D:1: 819 daAuts
     D:4: 689 daAuts
     D:2: 668 daAuts
     D:6: 639 daAuts
     D:3: 611 daAuts
  Temple: 128 daAuts
     D:8: 18 daAuts
